 Dungeon Crawl Stone Soup version 0.25.1-1-g288607f (webtiles) character file.

Game seed: 8952281537689280472

63 MercyWheel the Changer (level 3, 0/26 HPs)
             Began as a Demonspawn Transmuter on Dec 9, 2020.
             Slain by a leopard gecko (2 damage)
             ... on level 2 of the Dungeon on Dec 10, 2020.
             The game lasted 00:04:32 (1385 turns).

MercyWheel the Changer (Demonspawn Transmuter)      Turns: 1385, Time: 00:04:33

Health: 0/26       AC:  5    Str: 11    XL:     3   Next: 89%
Magic:  6/6        EV: 12    Int: 14    God:
Gold:   23         SH:  0    Dex: 13    Spells: 2/6 levels left

rFire    . . .     SeeInvis .     - Unarmed
rCold    . . .     Gourm    .   (no shield)
rNeg     . . .     Faith    .   b - +0 robe
rPois    .         Spirit   .   (no helmet)
rElec    .         Reflect  .   (no cloak)
rCorr    .         Harm     .   (no gloves)
MR       .....                  l - +2 pair of boots
Stlth    +.........             i - amulet of regeneration
HPRegen  0.48/turn              (no ring)
MPRegen  0.10/turn              (no ring)

@: appendage (expiring)
A: horns 2, talons 1
a: End Transformation


You were on level 2 of the Dungeon.
You were not hungry.
You had grown temporary horns.
You visited 1 branch of the dungeon, and saw 2 of its levels.

You collected 23 gold pieces.

Inventory:

Hand Weapons
 c - a +0 club
Missiles
 a - 31 arrows
Armour
 b - a +0 robe (worn)
 k - a -2 pair of boots
 l - a +2 pair of boots (worn)
Jewellery
 i - an amulet of regeneration (around neck)
Scrolls
 e - a scroll of amnesia {unknown}
 g - a scroll of remove curse
 h - a scroll of fear {unknown}
 j - a scroll of random uselessness {unknown}
 m - a scroll of fog {unknown}
Comestibles
 d - 2 rations


   Skills:
 - Level 1.0 Fighting
 - Level 1.7 Dodging
 - Level 2.6 Unarmed Combat
 - Level 2.0 Spellcasting
 * Level 3.9 Transmutations


You had 2 spell levels left.
You knew the following spells:

 Your Spells              Type           Power        Failure   Level  Hunger
a - Beastly Appendage     Tmut           ##....       4%          1    ##.....
b - Spider Form           Tmut/Pois      #.........   32%         3    ####...

Your spell library contained the following spells:

 Spells                   Type           Power        Failure   Level  Hunger
 Sticks to Snakes         Tmut           ##......     8%          2    ###....
 Ice Form                 Ice/Tmut       #.......     71%         4    #####..
 Blade Hands              Tmut           ##........   80%         5    ######.


Dungeon Overview and Level Annotations

Branches:
Dungeon (2/15)

Altars:


Innate Abilities, Weirdness & Mutations

You have sharp toenails.
You have a pair of horns on your head.


Message History

The leopard gecko bites you but does no damage.
You hit the bullfrog skeleton.
The bullfrog skeleton is severely damaged.
The bullfrog skeleton hits you.
* * * LOW HITPOINT WARNING * * *
The leopard gecko closely misses you.
The bullfrog skeleton closely misses you.
You hit the bullfrog skeleton. You headbutt the bullfrog skeleton.
You destroy the bullfrog skeleton!
The leopard gecko bites you.
* * * LOW HITPOINT WARNING * * *
You closely miss the leopard gecko.
The leopard gecko bites you but does no damage.
You hit the leopard gecko.
The leopard gecko is severely wounded.
The leopard gecko bites you but does no damage.
You closely miss the leopard gecko.
The leopard gecko is severely wounded.
The leopard gecko bites you.
You die...

.............#
.###########.# .#
.###########.## .#
.##...........# .#
.##.......##..# .#
.##.......##..# .#
.##...........###.# #
.##........#......##...#
................@l...!>#
.##...####.#.#######..##
.##...# #.#.# ###...# #
#. #...# .. ....# ## #
##... # .### #


You could see a leopard gecko.

Vanquished Creatures
  A bullfrog skeleton (D:2)
  2 dart slugs (D:1)
  A leopard gecko (D:1)
  4 giant cockroaches (D:1)
  2 goblins (D:1)
  6 hobgoblins (D:1)
  2 jackals (D:1)
  3 bats (D:1)
  A frilled lizard (D:1)
  2 kobolds (D:1)
  3 rats (D:1)
27 creatures vanquished.

Notes
Turn   | Place    | Note
-------+----------+-------------------------------------------
     0 | D:1      | MercyWheel the Demonspawn Transmuter began the quest for
                  | the Orb.
     0 | D:1      | Reached XP level 1. HP: 15/15 MP: 3/3
    19 | D:1      | Reached skill level 2 in Transmutations
   290 | D:1      | Gained mutation: You have sharp toenails. [demonic
                  | ancestry]
   290 | D:1      | Reached XP level 2. HP: 1/21 MP: 3/5
   982 | D:1      | Reached skill level 3 in Transmutations
  1113 | D:1      | Reached XP level 3. HP: 26/26 MP: 4/6
  1233 | D:1      | Learned a level 3 spell: Spider Form
  1382 | D:2      | HP: 1/26 [leopard gecko (4)]
  1385 | D:2      | Slain by a leopard gecko

Illustrated notes

Levels and vault maps discovered:
D:1:      minmay_arrival_radiant_lines, layout_loops_cross
D:2:      layout_basic, fedhas_altar_fruit_tree

Skill      XL: |  1  2 |
---------------+-------+-----
Transmutations | 2 3 |  3.9
Fighting       | |  1.0
Dodging        | |  1.7
Unarmed Combat | |  2.6
Spellcasting   | |  2.0

Action                   || total
-------------------------++-------
Melee: Unarmed           ||   133
       Headbutt          ||    16
       Kick              ||     5
 Cast: Beastly Appendage ||    11
  Use: Scroll            ||     1
  Eat: Chunk             ||     2
Armor: Robe              ||    31
Dodge: Dodged            ||    94
